 Dungeon Crawl Stone Soup version 0.23.2-33-g5129a83184 (webtiles) character file.

Game seed: 12651121297032182650

131 Folque001 the Conjurer (level 4, -5/33 HPs)
             Began as a Demigod Conjurer on July 31, 2019.
             Slain by an orc warrior
             ... wielding a +0 halberd
              (15 damage)
             ... on level 3 of the Dungeon.
             The game lasted 00:05:42 (3205 turns).

Folque001 the Conjurer (Demigod Conjurer)           Turns: 3205, Time: 00:05:43

Health: -5/33      AC:  2    Str: 11    XL:     4   Next: 61%
Magic:  3/11       EV: 12    Int: 21    God:
Gold:   153        SH:  0    Dex: 16    Spells: 3/9 levels left

rFire    . . .     SeeInvis .   m - +2 dagger (speed)
rCold    . . .     Gourm    .   (no shield)
rNeg     . . .     Faith    .   a - +0 robe
rPois    .         Spirit   .   n - +0 hat
rElec    .         Reflect  .   (no cloak)
rCorr    .         Harm     .   (no gloves)
MR       .....                  (no boots)
Stlth    ++........             (no amulet)
HPRegen  0.11/turn              (no ring)
MPRegen  0.12/turn              (no ring)

@: no status effects
A: high mp 1
a: no special abilities


You were on level 3 of the Dungeon.
You were not hungry.

You visited 1 branch of the dungeon, and saw 4 of its levels.

You collected 153 gold pieces.

Inventory:

Hand Weapons
 e - a +0 short sword
 m - a +2 dagger of speed (weapon)
Armour
 a - a +0 robe (worn)
 b - a +0 ring mail
 n - a +0 hat (worn)
Scrolls
 d - 2 scrolls of immolation {unknown}
 f - 4 scrolls of remove curse
 i - a scroll of enchant armour {unknown}
 k - 2 scrolls of enchant weapon {unknown}
 l - 3 scrolls of identify
Potions
 g - a potion of haste {unknown}
 h - 2 potions of brilliance
 j - a potion of agility
 o - a potion of flight {unknown}
 p - a potion of might {unknown}
Comestibles
 c - 5 rations
 q - a chunk of flesh


   Skills:
 - Level 1.7 Dodging
 - Level 1.7 Stealth
 + Level 3.1 Spellcasting
 + Level 4.3 Conjurations
 * Level 2.0 Hexes


You had 3 spell levels left.
You knew the following spells:

 Your Spells              Type           Power        Failure   Level  Hunger
a - Magic Dart            Conj           ###.         2%          1    None
b - Searing Ray           Conj           ###...       3%          2    ##.....
c - Dazzling Spray        Conj/Hex       ###...       11%         3    ###....

Your spell library contained the following spells:

 Spells                   Type           Power        Failure   Level  Hunger
 Iskenderun's Mystic Bla  Conj           ###.....     22%         4    ####...
 Fulminant Prism          Conj/Hex       ###.......   34%         4    ####...
 Force Lance              Conj/Tloc      ##......     47%         4    ####...


Dungeon Overview and Level Annotations

Branches:
Dungeon (4/15)
 Temple: D:4-7


Innate Abilities, Weirdness & Mutations

You have an increased reservoir of magic. (+10% MP)


Message History

The searing ray hits the orc warrior.
The orc warrior is moderately wounded.
The orc warrior closely misses you.
The searing ray hits the orc warrior.
The orc warrior is heavily wounded.
You finish channeling your searing ray.
The orc warrior misses you.
Casting: Searing Ray (safe; 3% risk of failure)
Confirm with . or Enter, or press ? or * to list all spells.
Aiming: Searing Ray (safe; 3% risk of failure)
Press: ? - help, Shift-Dir - straight line, f/p - orc warrior
Aim: an orc warrior, wielding a +0 halberd and wearing a +0 plate armour (heavily wounded)
The searing ray hits the orc warrior.
The orc warrior is severely wounded. (Press . to maintain the ray.)
The orc warrior hits you from afar with a +0 halberd!!
Ouch! That really hurt!
The searing ray hits the orc warrior but does no damage.
The orc warrior is severely wounded.
The orc warrior hits you from afar with a +0 halberd!
You die...

#..................#..o).#..
#................##(.)...)..
#............#..##.....(....
###..#.#..###...............
#........(.........!......
..........(...............
..............o###..........
............................
.........(....@#............
.........(.............).#
..$..........#........##
##.#...>.....##....####
#...#....##.##.##.#
#....###.......##)# #..##.
#.....##.##.# #.# ##
#.##.....##..# .. ##
##....###.#


You could see an orc warrior.

Vanquished Creatures
  An orc wizard (D:3)
  2 adders (D:2)
  2 oozes (D:2)
  A worm (D:2)
  3 dart slugs
  A leopard gecko (D:2)
  3 orcs (D:3)
  2 ball pythons
  8 bats
  6 giant cockroaches
  5 hobgoblins
  2 jackals (D:3)
  3 kobolds
  A quokka (D:2)
  6 frilled lizards
  6 goblins
  11 rats
63 creatures vanquished.

Vanquished Creatures (others)
  A leopard gecko (D:1)
1 creature vanquished.

Grand Total: 64 creatures vanquished

Notes
Turn   | Place    | Note
-------+----------+-------------------------------------------
     0 | D:1      | Folque001 the Demigod Conjurer began the quest for the Orb.
     0 | D:1      | Reached XP level 1. HP: 14/14 MP: 5/5
   868 | D:1      | Reached XP level 2. HP: 18/20 MP: 7/7
   872 | D:1      | Learned a level 2 spell: Searing Ray
  1847 | D:2      | Reached XP level 3. HP: 21/26 MP: 4/9
  1852 | D:2      | Learned a level 3 spell: Dazzling Spray
  1893 | D:2      | Found an iron altar of Okawaru.
  1953 | D:2      | Reached skill level 4 in Conjurations
  2022 | D:2      | Reached skill level 1 in Hexes
  2373 | D:2      | Found a shadowy altar of Dithmenos.
  2693 | D:2      | Reached XP level 4. HP: 27/33 MP: 11/11
  2845 | D:3      | Noticed an orc warrior
  2869 | D:4      | HP: 1/33 [goblin (2)]
  3205 | D:3      | Slain by an orc warrior

Skill      XL: |  1  2  3  4 |
---------------+-------------+-----
Spellcasting   | 2 3 |  3.1
Conjurations   | 4 |  4.3
Hexes          | 1 2 |  2.0
Dodging        | |  1.7
Stealth        | |  1.7

Action                   |  1- 3 |  4- 6 || total
-------------------------+-------+-------++-------
Melee: Short sword       |    86 |       ||    86
       Dagger            |    25 |    19 ||    44
 Cast: Magic Dart        |    16 |     2 ||    18
       Searing Ray       |    10 |     5 ||    15
       Dazzling Spray    |     1 |     1 ||     2
  Use: Potion            |     1 |     1 ||     2
       Scroll            |     2 |       ||     2
 Stab: Sleeping          |     3 |     1 ||     4
  Eat: Chunk             |     6 |     2 ||     8
Armor: Robe              |    19 |       ||    19
Dodge: Dodged            |    83 |    20 ||   103
